 Dungeon Crawl Stone Soup version 0.26-a0-466-g989023bd0d (webtiles) character file.

Game seed: 10979628369063173732

11 Gargoyl the Skirmisher (level 2, 29/29 HPs)
             Began as a Gnoll Abyssal Knight on July 30, 2020.
             Was an Initiate of Lugonu.
             Quit the game on level 1 of the Dungeon.
             The game lasted 00:00:33 (503 turns).

Gargoyl the Skirmisher (Gnoll Abyssal Knight)        Turns: 503, Time: 00:00:34

Health: 29/29      AC:  3    Str: 14      XL:     2   Next: 25%
Magic:  5/5        EV: 12    Int: 11 (14) God:    Lugonu [......]
Gold:   19         SH:  0    Dex: 14      Spells: 1/1 levels left

rFire    . . .     SeeInvis .   a - +1 hand axe
rCold    . . .     Faith    .   (no shield)
rNeg     . . .     Spirit   .   b - +0 leather armour
rPois    .         Reflect  .   (no helmet)
rElec    .         Harm     .   (no cloak)
rCorr    .                      (no gloves)
MR       .....                  (no boots)
Stlth    +.........             (no amulet)
HPRegen  0.00/turn              (no ring)
MPRegen  0.09/turn              (no ring)

@: non-regenerating, mildly diseased
A: distributed training, fangs 1, deterioration 1, strong nose
a: Renounce Religion


You were on level 1 of the Dungeon.
You worshipped Lugonu.
Lugonu was noncommittal.
You visited 1 branch of the dungeon, and saw 1 of its levels.
You visited the Abyss 1 time.

You collected 19 gold pieces.

Inventory:

Hand Weapons
 a - a +1 hand axe (weapon)
Armour
 b - a +0 leather armour (worn)


   Skills:
 + Level 6.4 Fighting
 + Level 0.3 Short Blades
 + Level 0.3 Long Blades
 + Level 4.4 Axes
 + Level 0.3 Maces & Flails
 + Level 0.3 Polearms
 + Level 0.3 Staves
 + Level 0.3 Slings
 + Level 0.3 Bows
 + Level 0.3 Crossbows
 + Level 0.3 Throwing
 + Level 4.4 Armour
 + Level 2.4 Dodging
 + Level 0.3 Stealth
 + Level 0.3 Shields
 + Level 0.3 Unarmed Combat
 + Level 0.3 Spellcasting
 + Level 0.2 Conjurations
 + Level 0.2 Hexes
 + Level 0.2 Summonings
 + Level 0.2 Necromancy
 + Level 0.2 Translocations
 + Level 0.2 Transmutations
 + Level 0.2 Fire Magic
 + Level 0.2 Ice Magic
 + Level 0.2 Air Magic
 + Level 0.2 Earth Magic
 + Level 0.2 Poison Magic
 + Level 4.5 Invocations
 + Level 0.3 Evocations


You had one spell level left.
You didn't know any spells.
Your spell library was empty.

Dungeon Overview and Level Annotations

Branches:
Dungeon (1/15)

Altars:


Innate Abilities, Weirdness & Mutations

Your experience applies equally to all skills.
You have very sharp teeth.
Your uncanny sense of smell can sniff out nearby items.
Your body sometimes deteriorates upon taking damage.


Message History

Unknown command.
An ancient zyme comes into view.
You feel yourself growing ill in the presence of the ancient zyme.
You feel ill.
A neqoxec comes into view.
The neqoxec gestures at you.
Strange energies course through your body.
You feel yourself wasting away. The neqoxec gestures at you.
You feel dopey. Something feeds on your intellect!
Okay, then.
You pass through the gate.
You can no longer depart the Abyss at will.
There is a staircase leading out of the dungeon here.
Magic restored.
A hobgoblin comes into view. It is wielding a +0 club.
Okay, then.
Found 13 arrows.
Are you sure you want to abandon this character and quit the game? (Confirm with "yes".)

≈≈≈.≈≈≈<8...8..##
≈≈≈≈......8.....#
≈≈..≈.....8.....#
≈≈≈≈≈...........##
≈≈.≈.............#
≈≈≈≈.............###
≈≈≈................#
≈≈.≈...............#
≈≈≈..###....@.....g#
##### ####........#
###......# ......#
.###.## .# # (. ##


You could see a hobgoblin (asleep).

Vanquished Creatures
  2 ufetubi (Abyss:1)
2 creatures vanquished.

Notes
Turn   | Place    | Note
-------+----------+-------------------------------------------
     0 | Abyss:1  | Gargoyl the Gnoll Abyssal Knight began the quest for the
                  | Orb.
     0 | Abyss:1  | Reached XP level 1. HP: 23/23 MP: 3/3
   266 | Abyss:1  | Reached XP level 2. HP: 12/29 MP: 5/5
   463 | Abyss:1  | Noticed an ancient zyme
   476 | Abyss:1  | Noticed a neqoxec
   479 | Abyss:1  | Gained mutation: Your body sometimes deteriorates upon
                  | taking damage. [a neqoxec]
   482 | D:1      | Escaped the Abyss
   503 | D:1      | Quit the game

Illustrated notes

Levels and vault maps discovered:
D:1:      nicolae_arrival_washed_ashore, layout_rooms

Action                   || total
-------------------------++-------
Melee: Hand axe          ||    12
       Bite              ||     1
Invok: Depart the Abyss  ||     1
Armor: Leather armour    ||     3
Dodge: Dodged            ||    19

Table legend: (Time is in decaauts)
 A = Elapsed time spent in this place.
 B = Non-inter-level travel time spent in this place.
 C = Inter-level travel time spent in this place.
 D = Time resting spent in this place.
 E = Time spent auto-exploring this place.
 F = Levels seen in this place.
 G = Mean time per level.
                   A        B        C        D        E       F      G
               +--------+--------+--------+--------+--------+-----+--------+
         Total |    503 |    503 |      0 |      0 |    459 |   2 |  251.5 |
       Dungeon |     20 |     20 |      0 |      0 |     18 |   1 |   20.0 |
         Abyss |    482 |    482 |      0 |      0 |    441 |   1 |  482.0 |
               +--------+--------+--------+--------+--------+-----+--------+

Top non-repeatable levels by time:
 Abyss:1: 482 daAuts
     D:1: 20 daAuts
